3AAA
HAMILTON COYOTES @ SIOUX FALLS RED PANDAS
07/20/2026
 
TOP OF THE 1ST
Hamilton Coyotes batting - Pitching for Sioux Falls Red Pandas : RHP Ryan Davis
Pitching: RHP Ryan Davis
Batting: RHB Alfredo Cardenas 0-0: Hit by Pitch
Batting: LHB Tommy Sullivan 0-0: Ball
1-0: Called Strike
1-1: Called Strike
1-2: Fly out, F8 (Flyball, 8LD)
Runner from 1st tags up, SAFE at 2nd
Batting: RHB Dani Trejo 0-0: Swinging Strike
0-1: Ball
1-1: Ball
2-1: Ball
3-1: Base on Balls
Batting: RHB Wei-qiang Mo 0-0: Called Strike
Alfredo Cardenas is caught stealing 3rd base
Dani Trejo to second
0-1: Fly out, F3 (Line Drive, 34)
Top of the 1st over - 0 run(s), 0 hit(s), 0 error(s), 1 left on base; Hamilton 0 - Sioux Falls 0
BOTTOM OF THE 1ST
Sioux Falls Red Pandas batting - Pitching for Hamilton Coyotes : RHP José Zavala
Pitching: RHP José Zavala
Batting: RHB Ralph McKnight 0-0: Ball
1-0: Bunt missed!
1-1: Ball
2-1: Ball
3-1: Called Strike
3-2: Foul Ball, location: 2F
3-2: Ground out 5-3 (Groundball, 56)
Batting: RHB Gaston Waller 0-0: Foul Ball, location: 2F
0-1: Called Strike
0-2: Ball
1-2: Ball
2-2: Ball
3-2: Base on Balls
Batting: RHB Carlos Ortega 0-0: Ball
1-0: Ball
2-0: SINGLE (Flyball, 8RS)
Gaston Waller to second
Batting: LHB Magali Lenidas 0-0: Foul Ball, location: 2F
0-1: SINGLE (Flyball, 78S)
Gaston Waller to third
Carlos Ortega to second
Runner from 3rd tries for Home, SAFE, throw made home
Batting: RHB Toshitsugu Sakamoto 0-0: Fly out, F7 (Flyball, 78XD)
Runner from 2nd tags up, SAFE at 3rd, no throw
Batting: RHB Takanibu Yokoyama 0-0: Foul Ball, location: 2F
0-1: Foul Ball, location: 2F
0-2: Ball
1-2: Strikes out looking
Bottom of the 1st over - 1 run(s), 2 hit(s), 0 error(s), 2 left on base; Hamilton 0 - Sioux Falls 1
TOP OF THE 2ND
Hamilton Coyotes batting - Pitching for Sioux Falls Red Pandas : RHP Ryan Davis
Batting: RHB Júlio Rodríguez 0-0: Foul Ball, location: 2F
0-1: Ball
1-1: Foul Ball, location: 2F
1-2: Fly out, F8 (Flyball, 78M)
Batting: RHB José Icaza 0-0: Ground out 5-3 (Groundball, 56)
Batting: RHB Jon Erickson 0-0: Ball
1-0: SINGLE (Groundball, 56D)
Batting: LHB Tony Ríos 0-0: Foul Ball, location: 2F
0-1: Ball
1-1: Swinging Strike
1-2: Foul Ball, location: 2F
1-2: Strikes out swinging
Top of the 2nd over - 0 run(s), 1 hit(s), 0 error(s), 1 left on base; Hamilton 0 - Sioux Falls 1
BOTTOM OF THE 2ND
Sioux Falls Red Pandas batting - Pitching for Hamilton Coyotes : RHP José Zavala
Batting: RHB Dong-po Tien 0-0: Called Strike
0-1: Ball
1-1: Fly out, F8 (Flyball, 8RS)
Batting: LHB José Pacheco 0-0: Ball
1-0: Ground out 3-1 (Groundball, 34)
Batting: LHB Armando Becerra 0-0: Foul Ball, location: 2F
0-1: Fly out, F8 (Flyball, 8LS)
Bottom of the 2nd over - 0 run(s), 0 hit(s), 0 error(s), 0 left on base; Hamilton 0 - Sioux Falls 1
TOP OF THE 3RD
Hamilton Coyotes batting - Pitching for Sioux Falls Red Pandas : RHP Ryan Davis
Batting: LHB Manuel Sánchez 0-0: Ball
1-0: Called Strike
1-1: DOUBLE (Flyball, 9LD)
Batting: RHB Alfredo Cardenas 0-0: Swinging Strike
0-1: Ball
1-1: Ground out 6-3 (Groundball, 6M)
Manuel Sánchez to third
Batting: LHB Tommy Sullivan 0-0: Ball
1-0: Ball
2-0: Ball
3-0: Called Strike
3-1: Called Strike
3-2: Ground out 4-3 (Groundball, 34)
Manuel Sánchez scores
Batting: RHB Dani Trejo 0-0: Ground out 6-3 (Groundball, 6)
Top of the 3rd over - 1 run(s), 1 hit(s), 0 error(s), 0 left on base; Hamilton 1 - Sioux Falls 1
BOTTOM OF THE 3RD
Sioux Falls Red Pandas batting - Pitching for Hamilton Coyotes : RHP José Zavala
Batting: RHB Ralph McKnight 0-0: Bunted foul
0-1: Ball
1-1: SINGLE (Groundball, 56D)
Batting: RHB Gaston Waller 0-0: Ball
1-0: Called Strike
Ralph McKnight steals 2nd base
1-1: Fly out, F9 (Flyball, 9)
Batting: RHB Carlos Ortega 0-0: Ball
1-0: Called Strike
1-1: Ball
2-1: Ground out 6-3 (Groundball, 6)
Batting: LHB Magali Lenidas 0-0: Ball
1-0: Called Strike
1-1: Called Strike
1-2: Ball
2-2: Strikes out swinging
Bottom of the 3rd over - 0 run(s), 1 hit(s), 0 error(s), 1 left on base; Hamilton 1 - Sioux Falls 1
TOP OF THE 4TH
Hamilton Coyotes batting - Pitching for Sioux Falls Red Pandas : RHP Ryan Davis
Batting: RHB Wei-qiang Mo 0-0: Called Strike
0-1: SINGLE (Groundball, 4MD)
Batting: RHB Júlio Rodríguez 0-0: Ball
1-0: Single, Error in OF, E9, batter to second base
Wei-qiang Mo to third
Pitching: RHP Shao-qi Phan
Batting: RHB José Icaza 0-0: Called Strike
0-1: Ball
1-1: Ball
2-1: Ball
3-1: Ground out 6-3 (Groundball, 56)
Wei-qiang Mo scores
Batting: RHB Jon Erickson 0-0: Ball
Júlio Rodríguez steals 3rd base
1-0: Ball
2-0: Ball
Wild Pitch!
Júlio Rodríguez scores
3-0: Base on Balls
Batting: LHB Tony Ríos 0-0: Ball
1-0: Swinging Strike
1-1: Ball
2-1: Foul Ball, location: 2F
2-2: Ball
3-2: Base on Balls
Jon Erickson to second
Batting: LHB Manuel Sánchez 0-0: SINGLE (Line Drive, 8LS)
Jon Erickson to third
Tony Ríos to second
Batting: RHB Alfredo Cardenas 0-0: Called Strike
0-1: Ball
1-1: Fly out, F8 (Flyball, 8LM)
Runner from 3rd tags up, SCORES, throw made
Batting: LHB Tommy Sullivan 0-0: Foul Ball, location: 2F
0-1: SINGLE (Groundball, 34D)
Tony Ríos to third
Manuel Sánchez to second
Runner from 3rd tries for Home, SAFE, no throw
Batting: RHB Dani Trejo 0-0: Ball
1-0: Ball
2-0: Ball
3-0: Called Strike
3-1: Foul Ball, location: 2F
3-2: Base on Balls
Manuel Sánchez to third
Tommy Sullivan to second
Batting: RHB Wei-qiang Mo 0-0: Called Strike
0-1: Ball
1-1: Fly out, F9 (Flyball, 9S)
Top of the 4th over - 4 run(s), 4 hit(s), 1 error(s), 3 left on base; Hamilton 5 - Sioux Falls 1
BOTTOM OF THE 4TH
Sioux Falls Red Pandas batting - Pitching for Hamilton Coyotes : RHP José Zavala
Batting: RHB Toshitsugu Sakamoto 0-0: Foul Ball, location: 2F
0-1: Ball
1-1: Foul Ball, location: 2F
1-2: Foul Ball, location: 2F
1-2: Ball
2-2: Strikes out looking
Batting: RHB Takanibu Yokoyama 0-0: Ball
1-0: SINGLE (Groundball, 6D)
Batting: RHB Dong-po Tien 0-0: Ball
1-0: Called Strike
1-1: SINGLE (Line Drive, 3)
Takanibu Yokoyama to second
Batting: LHB José Pacheco 0-0: Swinging Strike
0-1: Called Strike
0-2: Ball
1-2: Ball
2-2: Strikes out swinging
Batting: LHB Armando Becerra 0-0: Ball
1-0: Called Strike
1-1: Called Strike
1-2: Fielders Choice at 2nd, 4-6 (Groundball, 4)
Bottom of the 4th over - 0 run(s), 2 hit(s), 0 error(s), 1 left on base; Hamilton 5 - Sioux Falls 1
TOP OF THE 5TH
Hamilton Coyotes batting - Pitching for Sioux Falls Red Pandas : RHP Shao-qi Phan
Pitching: RHP Javier López
Batting: RHB Júlio Rodríguez 0-0: Ball
1-0: TRIPLE (Flyball, 89M)
Batting: RHB José Icaza 0-0: Ball
1-0: Ball
2-0: Foul Ball, location: 2F
2-1: Foul Ball, location: 2F
2-2: Ground out 5-3 (Groundball, 56)
Júlio Rodríguez scores
Batting: RHB Jon Erickson 0-0: Ball
1-0: Ball
2-0: Ball
3-0: Base on Balls
Batting: LHB Tony Ríos 0-0: Foul Ball, location: 2F
0-1: Foul Ball, location: 2F
0-2: Fly out, F7 (Flyball, 7S)
Batting: LHB Manuel Sánchez 0-0: Called Strike
0-1: Swinging Strike
0-2: Ball
1-2: Strikes out looking
Top of the 5th over - 1 run(s), 1 hit(s), 0 error(s), 1 left on base; Hamilton 6 - Sioux Falls 1
BOTTOM OF THE 5TH
Sioux Falls Red Pandas batting - Pitching for Hamilton Coyotes : RHP José Zavala
Batting: RHB Ralph McKnight 0-0: Ball
1-0: TRIPLE (Flyball, 78XD)
Batting: RHB Gaston Waller 0-0: Ball
1-0: Ball
2-0: Ground out 4-3 (Groundball, 4)
Ralph McKnight scores
Batting: RHB Carlos Ortega 0-0: Called Strike
0-1: Ball
1-1: Ground out 5-3 (Groundball, 56S)
Batting: LHB Magali Lenidas 0-0: SINGLE (Groundball, 34D)
Batting: RHB Toshitsugu Sakamoto 0-0: Called Strike
0-1: Ball
1-1: Foul Ball, location: 2F
1-2: SINGLE (Line Drive, 7LM)
Magali Lenidas to second
Batting: RHB Takanibu Yokoyama 0-0: Ball
1-0: Called Strike
1-1: Ball
2-1: Ball
3-1: Base on Balls
Magali Lenidas to third
Toshitsugu Sakamoto to second
Batting: RHB Dong-po Tien 0-0: Ball
1-0: Ball
2-0: SINGLE (Groundball, 3D)
Magali Lenidas scores
Toshitsugu Sakamoto to third
Takanibu Yokoyama to second
Runner from 3rd tries for Home, SAFE, no throw
Batting: LHB José Pacheco 0-0: SINGLE (Groundball, 34D)
Takanibu Yokoyama to third
Dong-po Tien to second
Runner from 3rd tries for Home, SAFE, no throw
Batting: LHB Armando Becerra 0-0: Foul Ball, location: 2F
0-1: Ball
1-1: Ball
2-1: Swinging Strike
2-2: Foul Ball, location: 2F
2-2: Foul Ball, location: 2F
2-2: Strikes out looking
Bottom of the 5th over - 4 run(s), 5 hit(s), 0 error(s), 2 left on base; Hamilton 6 - Sioux Falls 5
TOP OF THE 6TH
Hamilton Coyotes batting - Pitching for Sioux Falls Red Pandas : RHP Javier López
Batting: RHB Alfredo Cardenas 0-0: Swinging Strike
0-1: Foul Ball, location: 2F
0-2: Strikes out swinging
Batting: LHB Tommy Sullivan 0-0: Foul Ball, location: 2F
0-1: Foul Ball, location: 2F
0-2: Ball
1-2: Strikes out swinging
Batting: RHB Dani Trejo 0-0: Called Strike
0-1: Swinging Strike
0-2: Strikes out looking
Top of the 6th over - 0 run(s), 0 hit(s), 0 error(s), 0 left on base; Hamilton 6 - Sioux Falls 5
BOTTOM OF THE 6TH
Sioux Falls Red Pandas batting - Pitching for Hamilton Coyotes : RHP José Zavala
Batting: RHB Ralph McKnight 0-0: Ball
1-0: Ball
2-0: Ball
3-0: Base on Balls
Pitching: RHP John Ashley
Batting: RHB Gaston Waller 0-0: Sac Bunt - play at first, batter OUT! 1-4
Ralph McKnight to second
Batting: RHB Carlos Ortega 0-0: Called Strike
Ralph McKnight steals 3rd base
0-1: Ball
1-1: Ball
Wild Pitch!
Ralph McKnight scores
2-1: Ball
3-1: Fly out, F9 (Flyball, 9LSF)
Batting: LHB Magali Lenidas 0-0: Called Strike
0-1: Ball
1-1: Foul Ball, location: 2F
1-2: Ground out 4-3 (Groundball, 4)
Bottom of the 6th over - 1 run(s), 0 hit(s), 0 error(s), 0 left on base; Hamilton 6 - Sioux Falls 6
TOP OF THE 7TH
Hamilton Coyotes batting - Pitching for Sioux Falls Red Pandas : RHP Javier López
Batting: RHB Wei-qiang Mo 0-0: Ball
1-0: Fly out, F8 (Flyball, 8RD)
Pitching: RHP Carlos Guzmán
Batting: RHB Júlio Rodríguez 0-0: Ball
1-0: Foul Ball, location: 2F
1-1: Foul Ball, location: 2F
1-2: Strikes out looking
Batting: RHB José Icaza 0-0: Called Strike
0-1: Ball
1-1: Ball
2-1: Foul Ball, location: 2F
2-2: Ball
3-2: Strikes out looking
Top of the 7th over - 0 run(s), 0 hit(s), 0 error(s), 0 left on base; Hamilton 6 - Sioux Falls 6
BOTTOM OF THE 7TH
Sioux Falls Red Pandas batting - Pitching for Hamilton Coyotes : RHP John Ashley
Pinch Hitting: RHB Jim Unknown 0-0: Called Strike
0-1: Ball
1-1: Ground out 6-3 (Groundball, 6)
Batting: RHB Takanibu Yokoyama 0-0: Ball
1-0: Fly out, F5 (Popup, 5L)
Batting: RHB Dong-po Tien 0-0: Called Strike
0-1: Ball
1-1: Swinging Strike
1-2: Strikes out swinging
Bottom of the 7th over - 0 run(s), 0 hit(s), 0 error(s), 0 left on base; Hamilton 6 - Sioux Falls 6
TOP OF THE 8TH
Hamilton Coyotes batting - Pitching for Sioux Falls Red Pandas : RHP Carlos Guzmán
Now in RF: Carlos Schultz
Pinch Hitting: LHB Martín Núńes 0-0: Called Strike
0-1: Ball
1-1: Called Strike
1-2: Ground out 4-3 (Groundball, 4)
Batting: LHB Tony Ríos 0-0: Ball
1-0: SINGLE (Line Drive, 8LS)
Batting: LHB Manuel Sánchez 0-0: Ball
1-0: Foul Ball, location: 2F
1-1: Foul Ball, location: 2F
1-2: Strikes out looking
Batting: RHB Alfredo Cardenas 0-0: Ball
1-0: Called Strike
1-1: Ball
2-1: Foul Ball, location: 2F
2-2: Strikes out swinging
Top of the 8th over - 0 run(s), 1 hit(s), 0 error(s), 1 left on base; Hamilton 6 - Sioux Falls 6
BOTTOM OF THE 8TH
Sioux Falls Red Pandas batting - Pitching for Hamilton Coyotes : RHP John Ashley
Now at 2B: Francisco Morales
Batting: LHB José Pacheco 0-0: Ball
1-0: SINGLE (Flyball, 78M)
Batting: LHB Armando Becerra 0-0: Ball
1-0: Ball
2-0: Bunted foul
2-1: Bunted foul
2-2: Grounds into double play, 1-4-3 (Groundball, 15S)
Batting: RHB Ralph McKnight 0-0: Foul Ball, location: 2F
0-1: Ball
1-1: Ball
2-1: Ball
3-1: Base on Balls
Pitching: LHP Ezio Deodato
Batting: RHB Gaston Waller 0-0: Fly out, F9 (Flyball, 9LM)
Bottom of the 8th over - 0 run(s), 1 hit(s), 0 error(s), 1 left on base; Hamilton 6 - Sioux Falls 6
TOP OF THE 9TH
Hamilton Coyotes batting - Pitching for Sioux Falls Red Pandas : RHP Carlos Guzmán
Pitching: RHP Jim Unknown
Batting: LHB Tommy Sullivan 0-0: Ground out 1-3 (Groundball, 15S)
Batting: RHB Dani Trejo 0-0: Ball
1-0: Ball
2-0: Ball
3-0: Base on Balls
Batting: RHB Wei-qiang Mo 0-0: Ball
1-0: Foul Ball, location: 2F
1-1: Ball
2-1: SINGLE (Groundball, 56) (infield hit)
Dani Trejo to second
Batting: RHB Júlio Rodríguez 0-0: Called Strike
0-1: Called Strike
0-2: Foul Ball, location: 2F
0-2: Ball
1-2: Ball
2-2: Foul Ball, location: 2F
2-2: Strikes out looking
Batting: RHB José Icaza 0-0: Ground out 5-3 (Groundball, 56S)
Top of the 9th over - 0 run(s), 1 hit(s), 0 error(s), 2 left on base; Hamilton 6 - Sioux Falls 6
BOTTOM OF THE 9TH
Sioux Falls Red Pandas batting - Pitching for Hamilton Coyotes : LHP Ezio Deodato
Batting: RHB Carlos Ortega 0-0: Ball
1-0: Foul Ball, location: 2F
1-1: Foul Ball, location: 2F
1-2: Fly out, F8 (Flyball, 8LD)
Batting: LHB Magali Lenidas 0-0: Called Strike
0-1: Ball
1-1: Ball
2-1: Ball
3-1: Fly out, F3 (Line Drive, 34)
Batting: SHB Carlos Schultz 0-0: Foul Ball, location: 2F
0-1: Swinging Strike
0-2: Ball
1-2: Strikes out looking
Bottom of the 9th over - 0 run(s), 0 hit(s), 0 error(s), 0 left on base; Hamilton 6 - Sioux Falls 6
TOP OF THE 10TH
Hamilton Coyotes batting - Pitching for Sioux Falls Red Pandas : RHP Jim Unknown
Pinch Hitting: LHB Ralph Dunford 0-0: Called Strike
0-1: Ground out U3 (Groundball, 34)
Batting: LHB Tony Ríos 0-0: Called Strike
0-1: Ball
1-1: Foul Ball, location: 2F
1-2: Ground out 4-3 (Groundball, 4)
Batting: LHB Manuel Sánchez 0-0: Foul Ball, location: 2F
0-1: Foul Ball, location: 2F
0-2: Strikes out swinging, 2-3 out at first.
Top of the 10th over - 0 run(s), 0 hit(s), 0 error(s), 0 left on base; Hamilton 6 - Sioux Falls 6
BOTTOM OF THE 10TH
Sioux Falls Red Pandas batting - Pitching for Hamilton Coyotes : LHP Ezio Deodato
Now at 2B: Quinn Johnson
Batting: RHB Takanibu Yokoyama 0-0: Called Strike
0-1: Foul Ball, location: 2F
0-2: SINGLE (Groundball, 56S) (infield hit)
Batting: RHB Dong-po Tien 0-0: Ball
1-0: Ball
2-0: SINGLE (Line Drive, 34)
Takanibu Yokoyama to second
Batting: LHB José Pacheco 0-0: Ball
1-0: Foul Ball, location: 2F
1-1: Reached on error, E5 (Groundball, 5S)
Takanibu Yokoyama scores
Monday, March 20th, 2017 - OOTP Baseball 17.12 Build 75